 Dungeon Crawl Stone Soup version 0.21.1-1-g345015f (webtiles) character file.

3587 wojtek the Cleaver (level 9, -3/79 HPs)
             Began as a Minotaur Fighter on June 25, 2018.
             Was a Believer of Makhleb.
             Killed by divine providence
             ... invoked by an orc priest
              (16 damage)
             ... on level 6 of the Dungeon.
             The game lasted 00:10:25 (5732 turns).

wojtek the Cleaver (Minotaur Fighter)               Turns: 5732, Time: 00:10:27

Health: -3/79      AC: 12    Str: 23    XL:     9   Next: 85%
Magic:  11/12      EV:  7    Int:  5    God:    Makhleb [**....]
Gold:   367        SH: 10    Dex: 11    Spells: 8/8 levels left

rFire    . . .     SeeInvis +   a - +0 war axe
rCold    . . .     Gourm    .   c - +0 shield
rNeg     . . .     Faith    .   u - +0 chain mail
rPois    .         Spirit   .   (helmet restricted)
rElec    .         Reflect  .   b - +0 cloak
rCorr    .         Harm     .   (no gloves)
MR       .....                  n - +0 pair of boots
Stlth    ..........             j - amulet of regeneration
HPRegen  0.63/turn              v - ring of see invisible
MPRegen  0.13/turn              (no ring)

@: heavily drained, very slow
A: retaliatory headbutt, horns 2
a: Minor Destruction, Renounce Religion


You were on level 6 of the Dungeon.
You worshipped Makhleb.
Makhleb was pleased with you.
You were not hungry.

You visited 1 branch of the dungeon, and saw 6 of its levels.
You also visited: Ossuary.

You collected 367 gold pieces.

Inventory:

Hand Weapons
 a - a +0 war axe (weapon)
 D - a +0 battleaxe
Armour
 b - a +0 cloak (worn)
 c - a +0 shield (worn)
 n - a +0 pair of boots (worn)
 u - a +0 chain mail (worn)
Jewellery
 j - an amulet of regeneration (around neck)
 v - a ring of see invisible (left hand)
Wands
 k - a wand of polymorph (14)
Scrolls
 e - 3 scrolls of enchant armour {unknown}
 h - 4 scrolls of teleportation {unknown}
 i - 11 scrolls of remove curse {unknown}
 l - 9 scrolls of identify {unknown}
 m - a scroll of fog {unknown}
 r - 2 scrolls of enchant weapon {unknown}
 s - a scroll of immolation {unknown}
 t - 2 scrolls of magic mapping {unknown}
 w - 2 scrolls of fear {unknown}
 y - a scroll of amnesia {unknown}
 B - a scroll of acquirement {unknown}
 E - a scroll of blinking {unknown}
Potions
 d - a potion of might
 g - 2 potions of magic {unknown}
 o - 5 potions of curing {unknown}
 p - a potion of haste {unknown}
 q - a potion of agility {unknown}
 x - a potion of mutation {unknown}
 z - a potion of resistance {unknown}
 A - a potion of lignification {unknown}
Comestibles
 f - 9 rations


   Skills:
 + Level 7.5(5.2) Fighting
 + Level 8.9(6.5) Axes
 + Level 7.4(5.1) Armour
 + Level 5.8(3.6) Dodging
 + Level 7.5(5.2) Shields
 * Level 5.3(3.1) Invocations


You had 8 spell levels left.
You didn't know any spells.

Dungeon Overview and Level Annotations

Branches:
Dungeon (6/15)             Temple (0/1) D:6

Altars:
Dithmenos
Makhleb
Sif Muna

Annotations:
D:6 exclusion: 4 doors


Innate Abilities, Weirdness & Mutations

You reflexively headbutt those who attack you in melee.
You have a pair of horns on your head.


Message History

You destroy the wight!
Makhleb accepts your kill.
You feel better.
You hit the wight. x2; You closely miss the wight.
The orc priest hits you but does no damage.
The wight hits you but does no damage. The wight barely misses you.
You block the wight's attack. x2
You closely miss the orc priest. You headbutt the orc priest.
The orc priest is moderately wounded.
You hit the wight. x2; You closely miss the wight.
You block the orc priest's attack.
The wight hits you with a short sword of freezing!
* * * LOW HITPOINT WARNING * * *
You feel drained.
* * * LOW HITPOINT WARNING * * *
The wight freezes you.
* * * LOW HITPOINT WARNING * * *
The wight barely misses you. x3
The orc priest calls down the wrath of Beogh upon you.
Beogh smites you!
You die...

#.P..≈≈ #≈≈.. .≈ #....≈≈
#≈... ..≈ #....≈≈
###≈..⌠ ..≈≈ #....≈≈
.'....♣♣♣♣♣..≈# #....≈≈
#≈.........≈≈# #....≈≈
#≈≈.....z.≈≈# #....≈≈
#≈≈.ozz≈≈≈# #...P≈≈
#≈≈)@z≈##### #....≈≈
#.####'####...## #....≈≈
#.#...(## #....# #....≈≈
#.#.....####>..###....≈≈
#.#...#.<.####...#....≈≈
#.#...###..# ###.#.....P
#.#..## ##.# #..>.....
#.#.## #.# ###.....#
#...# #.#######...#.#


You could see 4 wights and an orc priest.

Vanquished Creatures
  Pikel (D:5)
  The ghost of n0claF the Bolt Thrower, a novice CeHu (D:5)
  The ghost of spiff the Digger, an amateur GrEE (D:4)
  Sigmund (D:2)
  An orc warrior (D:5)
  4 slaves (D:5)
  3 phantoms
  3 ogres
  2 centaurs (D:6)
  9 scorpions
  4 wights (D:6)
  A howler monkey (D:5)
  A crimson imp (D:5)
  A bullfrog zombie (D:6)
  The ghost of kalagan the Firebug, a weakling DEFE (D:3)
  3 hounds
  2 centaur zombies (Ossuary)
  2 orc priests
  3 orc wizards
  A centaur skeleton (D:4)
  Natasha (twice) (D:4)
  2 iguanas (D:5)
  7 worker ants
  2 big kobold zombies (Ossuary)
  A hound skeleton (D:6)
  3 mummies (Ossuary)
  Robin (D:4)
  2 gnolls (D:6)
  5 adders
  5 scorpion zombies (Ossuary)
  A shadow imp (D:6)
  An ooze (D:1)
  An adder zombie (D:6)
  An adder skeleton (D:5)
  A worm (D:2)
  2 dart slugs
  4 leopard geckos
  30 orcs
  3 ball pythons
  2 bats
  7 giant cockroaches
  16 goblins
  6 hobgoblins
  26 jackals
  11 kobolds
  2 quokkas
  8 frilled lizards
  2 hobgoblin zombies (Ossuary)
  A kobold zombie (Ossuary)
  3 orc zombies (Ossuary)
  10 rats
213 creatures vanquished.

Notes
Turn   | Place    | Note
-------+----------+-------------------------------------------
     0 | D:1      | wojtek the Minotaur Fighter began the quest for the Orb.
     0 | D:1      | Reached XP level 1. HP: 19/19 MP: 0/0
   101 | D:1      | Reached skill level 3 in Axes
   149 | D:1      | Reached XP level 2. HP: 26/26 MP: 1/1
   225 | D:1      | Reached skill level 4 in Axes
   325 | D:1      | Reached XP level 3. HP: 31/31 MP: 2/2
   852 | D:2      | Noticed Sigmund
  1031 | D:2      | Reached skill level 5 in Axes
  1156 | D:3      | Reached XP level 4. HP: 39/39 MP: 3/3
  1246 | D:3      | Noticed kalagan's ghost (weakling DEFE)
  1342 | D:3      | Killed kalagan's ghost
  1342 | D:3      | Reached skill level 6 in Axes
  1665 | D:3      | Noticed an ogre
  1676 | D:3      | Killed an ogre
  1676 | D:3      | Reached skill level 1 in Dodging
  1676 | D:3      | Reached XP level 5. HP: 30/46 MP: 4/4
  1970 | D:3      | Found a deep blue altar of Sif Muna.
  2453 | D:2      | Killed Sigmund
  2453 | D:2      | Reached XP level 6. HP: 49/53 MP: 5/5
  2595 | D:4      | Reached XP level 7. HP: 53/60 MP: 6/6
  2656 | D:4      | Noticed spiff's ghost (amateur GrEE)
  2656 | D:4      | Reached skill level 5 in Fighting
  2673 | D:4      | Killed spiff's ghost
  2673 | D:4      | Reached skill level 7 in Axes
  2673 | D:4      | Reached skill level 5 in Armour
  2673 | D:4      | Reached skill level 5 in Shields
  2853 | D:4      | Noticed Robin
  2866 | D:4      | Killed Robin
  2977 | D:4      | Reached XP level 8. HP: 51/70 MP: 7/7
  2980 | D:4      | Noticed Natasha
  2987 | D:4      | Killed Natasha
  3148 | D:4      | Found a burning altar of Makhleb.
  3212 | D:4      | Noticed Natasha
  3219 | D:4      | Killed Natasha
  3373 | D:4      | Became a worshipper of Makhleb the Destroyer
  3387 | D:5      | Entered Level 5 of the Dungeon
  3387 | D:5      | Noticed Pikel
  3408 | D:5      | Killed Pikel
  3794 | D:5      | Reached skill level 8 in Axes
  4113 | D:5      | Noticed n0claF's ghost (novice CeHu)
  4131 | D:5      | Killed n0claF's ghost
  4131 | D:5      | Reached XP level 9. HP: 19/78 MP: 10/10
  4408 | D:5      | Found a shadowy altar of Dithmenos.
  4671 | D:6      | Reached skill level 5 in Dodging
  4885 | D:6      | Reached * piety under Makhleb
  5075 | D:6      | Found a sand-covered staircase.
  5080 | Ossuary  | Entered an ossuary
  5219 | Ossuary  | Reached ** piety under Makhleb
  5467 | D:6      | Found a staircase to the Ecumenical Temple.
  5503 | D:6      | Reached skill level 5 in Invocations
  5732 | D:6      | Killed from afar by an orc priest

Skill      XL: |  1  2  3  4  5  6  7  8  9 |
---------------+----------------------------+-----
Axes           | 3 4 5 6 7 8 |  8.9
Fighting       | 4 5 6 7 |  7.5
Armour         | 4 5 6 7 |  7.4
Dodging        | 1 2 3 4 5 |  5.8
Shields        | 4 5 6 7 |  7.5
Invocations    | 3 5 |  5.3

Action                   |  1- 3 |  4- 6 |  7- 9 || total
-------------------------+-------+-------+-------++-------
Melee: War axe           |   101 |    92 |   376 ||   569
       Headbutt          |    11 |    16 |    73 ||   100
  Eat: Chunk             |     1 |     5 |    10 ||    16
Armor: Scale mail        |    42 |    35 |    60 ||   137
       Chain mail        |       |       |   102 ||   102
Dodge: Dodged            |    28 |    16 |   142 ||   186
Block: Shield            |    47 |    45 |   202 ||   294
